 Dungeon Crawl Stone Soup version 0.18.1-6-gd335043 (webtiles) character file.

7134 shmeve the Cleaver (level 11, -6/101 HPs)
             Began as a Hill Orc Fighter on May 16, 2016.
             Was a Believer of Beogh.
             Mangled by an elephant (9 damage)
             ... on level 9 of the Dungeon.
             The game lasted 00:18:17 (8110 turns).

shmeve the Cleaver (Hill Orc Fighter)               Turns: 8110, Time: 00:18:18

Health: -6/101     AC: 14    Str: 23    XL:     11   Next: 10%
Magic:  11/11      EV:  7    Int:  8    God:    Beogh [**....]
Gold:   706        SH: 14    Dex: 10    Spells: 0 memorised, 10 levels left

rFire  . . .     SeeInvis .     a - +0 war axe
rCold  . . .     Gourm    .     d - +0 plate armour
rNeg   + . .     Faith    .     u - +2 shield
rPois  .         Spirit   .     y - +0 hat
rElec  .         Dismiss  .     (no cloak)
rCorr  .         Reflect  .     (no gloves)
SustAt .         Harm     .     (no boots)
MR     .....                    (no amulet)
Stlth  ..........               (no ring)
                                h - ring of positive energy

@: not resistant to hostile enchantments, extremely unstealthy
A: no striking features
a: Smiting, Renounce Religion


You were on level 9 of the Dungeon.
You worshipped Beogh.
Beogh was pleased with you.
You were not hungry.

You visited 1 branch of the dungeon, and saw 9 of its levels.
You also visited: Sewer and Ossuary.

You collected 706 gold pieces.

Inventory:

Hand Weapons
 a - a +0 war axe (weapon)
Armour
 d - a +0 plate armour (worn)
 u - a +2 shield (worn)
 y - a +0 hat (worn)
Jewellery
 h - a ring of positive energy (left hand)
Wands
 B - a wand of paralysis (1/24)
Scrolls
 b - a scroll of enchant weapon {unknown}
 g - 8 scrolls of identify
 i - 4 scrolls of remove curse
 l - 2 scrolls of random uselessness {unknown}
 m - a scroll of immolation {unknown}
 p - a scroll of magic mapping {unknown}
 q - 2 scrolls of blinking {unknown}
 v - 3 scrolls of noise {unknown}
 A - a scroll of fear {unknown}
Potions
 c - 2 potions of might
 e - 9 potions of heal wounds {unknown}
 j - 4 potions of curing {unknown}
 n - a potion of resistance {unknown}
 t - 3 potions of brilliance {unknown}
 x - a potion of flight {unknown}
 C - a potion of agility
Comestibles
 f - 3 bread rations
 k - 3 meat rations
 o - 4 beef jerkies
 r - 3 slices of pizza
 s - 2 royal jellies


   Skills:
 * Level 10.4 Fighting
 * Level 11.2 Axes
 + Level 7.3 Armour
 + Level 4.6 Dodging
 * Level 10.0 Shields


You had 10 spell levels left.
You didn't know any spells.

Dungeon Overview and Level Annotations

Branches:
Dungeon (9/15)             Temple (0/1) D:6            Lair (0/8) D:9
    Orc: D:9-12

Altars:
Dithmenos
Elyvilon
Fedhas
Nemelex Xobeh
Okawaru
Qazlal
Ru
Trog
Yredelemnul
The Shining One


Message History

The sheep is moderately wounded.
You block the sheep's attack.
You slash the sheep!
You kill the sheep!
Beogh accepts your kill.
You hit the elephant but do no damage. The elephant tramples you!
* * * LOW HITPOINT WARNING * * *
You stumble backwards!
You slash the elephant!
The elephant is lightly wounded.
You block the elephant's attack.
The elephant trunk-slaps you but does no damage.
You hit the elephant but do no damage.
The elephant is lightly wounded.
The elephant tramples you but does no damage.
You block the elephant's attack.
You slash the elephant!
The elephant is moderately wounded.
The elephant tramples you!
You die...

#.# #.# #.# #.#
#.# #.# #.# #.#
#######@#######
.......Y......#
.######†#####..
... .....
P.....P
.......PP
.....>.....
..P..........


You could see an elephant.

Vanquished Creatures
  A death yak (D:9)
  Pikel (D:4)
  The ghost of heiberg the Destroyer, a novice HEWz of Sif Muna (D:7)
  A troll (D:9)
  8 spriggans (D:7)
  Sigmund (D:3)
  Menkaure (D:5)
  2 water moccasins
  4 orc warriors
  4 slaves (D:4)
  An ice beast (D:5)
  A phantom (D:8)
  2 centaurs
  7 ogres
  A crocodile (D:9)
  3 big kobolds
  An elf zombie (Ossuary)
  4 giant frogs
  2 scorpions
  2 howler monkeys
  2 crimson imps
  A centaur zombie (D:9)
  A giant frog zombie (D:7)
  8 hounds
  4 jellies
  5 orc wizards
  A quasit (D:6)
  A human zombie (Ossuary)
  2 orc priests
  2 centaur skeletons (D:4)
  Ijyb (D:2)
  3 iguanas
  11 worker ants
  A sheep (D:9)
  3 big kobold zombies (Ossuary)
  A hound skeleton (D:8)
  2 mummies (Ossuary)
  A howler monkey zombie (D:7)
  A worker ant zombie (D:6)
  A river rat (D:5)
  4 adders
  4 gnolls (D:3)
  2 shadow imps
  2 oozes
  An adder zombie (D:9)
  4 worms
  5 dart slugs
  6 giant geckos
  16 orcs
  7 giant cockroaches
  11 goblins
  7 hobgoblins
  4 jackals (D:5)
  18 kobolds
  5 quokkas
  4 ball pythons
  15 bats
  A giant gecko skeleton (D:5)
  4 giant newts
  2 goblin zombies (Ossuary)
  4 hobgoblin zombies (Ossuary)
  3 orc zombies (Ossuary)
  A quokka skeleton (D:7)
  7 rats
  A fungus (Sewer)
238 creatures vanquished.

Vanquished Creatures (others)
  3 orc priests (D:8)
  2 orc wizards (D:8)
  An orc (D:8)
6 creatures vanquished.

Grand Total: 244 creatures vanquished

Notes
Turn   | Place    | Note
--------------------------------------------------------------
     0 | D:1      | shmeve the Hill Orc Fighter began the quest for the Orb.
     0 | D:1      | Reached XP level 1. HP: 19/19 MP: 1/1
    64 | D:1      | Reached XP level 2. HP: 27/27 MP: 2/2
   100 | D:1      | Reached skill level 3 in Axes
   158 | D:1      | Reached XP level 3. HP: 33/33 MP: 3/3
   557 | D:2      | Found a shadowy altar of Dithmenos.
   600 | D:2      | Found a bloodstained altar of Trog.
   601 | D:2      | Found a basalt altar of Yredelemnul.
   897 | D:2      | Noticed Ijyb
   919 | D:2      | Killed Ijyb
   919 | D:2      | Reached skill level 1 in Dodging
   919 | D:2      | Reached XP level 4. HP: 31/40 MP: 4/4
  1111 | D:3      | Noticed Sigmund
  1124 | D:3      | Killed Sigmund
  1124 | D:3      | Reached skill level 4 in Axes
  1124 | D:3      | Reached XP level 5. HP: 28/47 MP: 5/5
  1124 | D:3      | Reached XP level 6. HP: 33/55 MP: 6/6
  1217 | D:3      | Found a white marble altar of Elyvilon.
  1219 | D:3      | Found a blossoming altar of Fedhas.
  1686 | D:3      | Reached skill level 5 in Fighting
  1950 | D:4      | Noticed a slave
  1956 | D:4      | Noticed Pikel
  1957 | D:4      | Noticed a slave
  1958 | D:4      | Noticed a slave
  1959 | D:4      | Noticed a slave
  1969 | D:4      | Killed a slave
  1973 | D:4      | Killed a slave
  1975 | D:4      | Killed a slave
  1975 | D:4      | Killed a slave
  1976 | D:4      | Killed Pikel
  1976 | D:4      | Reached skill level 6 in Axes
  1976 | D:4      | Reached skill level 5 in Shields
  1976 | D:4      | Reached XP level 7. HP: 7/63 MP: 7/7
  1976 | D:4      | Reached XP level 8. HP: 8/70 MP: 8/8
  2425 | D:4      | Reached skill level 5 in Armour
  2465 | D:4      | Found a sacrificial altar of Ru.
  2750 | D:5      | Entered Level 5 of the Dungeon
  2839 | D:5      | Noticed Menkaure
  2847 | D:5      | Killed Menkaure
  2847 | D:5      | Reached skill level 7 in Axes
  3080 | D:5      | Found a glowing drain.
  3109 | Sewer    | Entered a sewer
  3147 | Sewer    | Reached XP level 9. HP: 71/79 MP: 9/9
  3709 | D:5      | You fall through a shaft for 3 floors!
  3709 | D:8      | Found a sand-covered staircase.
  3718 | Ossuary  | Entered an ossuary
  3754 | Ossuary  | Reached skill level 8 in Axes
  4095 | D:8      | Became a worshipper of Beogh the Brigand
  4419 | D:8      | Found a sparkling altar of Nemelex Xobeh.
  4849 | D:8      | Found a glowing golden altar of the Shining One.
  4870 | D:8      | Found an iron altar of Okawaru.
  5302 | D:6      | Reached skill level 9 in Axes
  5351 | D:6      | Reached * piety under Beogh
  5543 | D:6      | Reached XP level 10. HP: 46/90 MP: 10/10
  5842 | D:6      | Found a staircase to the Ecumenical Temple.
  6869 | D:7      | Reached skill level 10 in Axes
  7312 | D:7      | Noticed heiberg's ghost (novice HEWz)
  7312 | D:7      | Found a stormy altar of Qazlal.
  7324 | D:7      | Killed heiberg's ghost
  7736 | D:9      | Reached ** piety under Beogh
  7736 | D:9      | Reached skill level 10 in Fighting
  8067 | D:9      | Found a staircase to the Lair.
  8067 | D:9      | Noticed a death yak
  8068 | D:9      | Noticed an elephant
  8101 | D:9      | Killed a death yak
  8101 | D:9      | Reached skill level 11 in Axes
  8101 | D:9      | Reached skill level 10 in Shields
  8101 | D:9      | Reached XP level 11. HP: 8/101 MP: 11/11
  8107 | D:9      | HP: 3/101 [elephant (7)]
  8110 | D:9      | Mangled by an elephant

Skill      XL: |  1  2  3  4  5  6  7  8  9 10 |
---------------+-------------------------------+-----
Axes           | 3 4 6 7 9 11 | 11.2
Fighting       | 4 6 7 8 10 | 10.4
Dodging        | 1 2 3 4 |  4.6
Shields        | 4 5 7 8 10 | 10.0
Armour         | 4 5 6 7 |  7.3

Action                   |  1- 3 |  4- 6 |  7- 9 | 10-12 || total
-------------------------+-------+-------+-------+-------++-------
Melee: War axe           |   123 |   103 |   413 |   287 ||   926
Invok: Convert to Beogh  |       |       |     1 |       ||     1
Evoke: Wand              |       |     9 |     6 |     5 ||    20
  Use: Scroll            |       |     2 |       |       ||     2
       Potion            |       |     1 |     2 |       ||     3
 Stab: Paralysed         |       |       |     2 |     6 ||     8
  Eat: Chunk             |       |     4 |     9 |     8 ||    21
       Fruit             |       |       |     4 |       ||     4
Armor: Scale mail        |    92 |       |       |       ||    92
       Chain mail        |       |    66 |   166 |       ||   232
       Plate armour      |       |       |    40 |    75 ||   115
Dodge: Dodged            |    46 |    42 |   115 |    39 ||   242
Block: Shield            |    73 |    79 |   282 |   164 ||   598
